 Dungeon Crawl Stone Soup version 0.29.1-1-gd02db6906a (webtiles) character file.

Game seed: 14636752343954677206

399 pupurumpum the Firebug (level 6, -2/45 HPs)
             Began as a Draconian Fire Elementalist on Oct 21, 2022.
             Was an Initiate of Vehumet.
             Slain by a lemure (8 damage)
             ... led by Pikel
             ... on level 3 of the Dungeon.
             The game lasted 00:16:31 (4552 turns).

pupurumpum the Firebug (DrFE)                       Turns: 4552, Time: 00:16:32

Health: -2/45      AC:  7    Str: 11    XL:     6   Next: 54%
Magic:  2/11       EV: 12    Int: 17    God:    Vehumet [......]
Gold:   104        SH:  0    Dex: 11    Spells: 9/12 levels left

rFire   . . .      SeeInvis .   d - +0 short sword
rCold   . . .      Faith    .   (no shield)
rNeg    . . .      Spirit   .   (body armour unavailable)
rPois   .          Reflect  .   (helmet restricted)
rElec   .          Harm     .   (no cloak)
rCorr   .          Rampage  .   (no gloves)
Will    .....                   l - +0 pair of boots
Stlth   ++........              (no amulet)
HPRegen 0.15/turn               (no ring)
MPRegen 0.12/turn               (no ring)

@: slowed, very slow
A: AC +6, unfitting armour, cold-blooded
a: Renounce Religion


You were on level 3 of the Dungeon.
You worshipped Vehumet.
Vehumet was noncommittal.
You visited 2 branches of the dungeon, and saw 5 of its levels.

You collected 104 gold pieces.

Inventory:

Hand Weapons
 c - a +0 club
 d - a +0 short sword (weapon)
Missiles
 k - 16 poisoned darts
Armour
 l - a +0 pair of boots (worn)
Jewellery
 j - a ring of ice
Wands
 o - a wand of flame (29)
Scrolls
 b - 4 scrolls of identify {unknown}
 e - 3 scrolls of noise {unknown}
 f - a scroll of immolation {unknown}
 g - a scroll of blinking {unknown}
 p - a scroll of silence {unknown}
Potions
 a - a potion of magic
 h - 2 potions of attraction {unknown}
 i - 2 potions of flight {unknown}
 m - a potion of might {unknown}
 n - a potion of curing {unknown}


   Skills:
 - Level 1.7 Dodging
 - Level 1.7 Stealth
 + Level 3.5 Spellcasting
 + Level 3.3 Conjurations
 * Level 5.7 Fire Magic


You had 9 spell levels left.
You knew the following spells:

 Your Spells              Type           Power      Damage    Failure   Level
a - Foxfire               Conj/Fire      72%        2x1d7     2%          1
b - Scorch                Fire           44%        2d7       2%          2

Your spell library contained the following spells:

 Spells                   Type           Power      Damage    Failure   Level
 Conjure Flame            Conj/Fire      18%        6-21      8%          3
 Inner Flame              Hex/Fire       12%        N/A       16%         3
 Flame Wave               Conj/Fire      18%        2d7       26%         4
 Call Canine Familiar     Summ           3%         N/A       45%         3
 Portal Projectile        Hex/Tloc       6%         N/A       45%         3
 Leda's Liquefaction      Hex/Erth       1%         N/A       86%         4


Dungeon Overview and Level Annotations

Branches:
Dungeon (4/15)             Temple (1/1) D:4

Altars:
Ashenzari
Dithmenos
Fedhas
Gozag
Kikubaaqudgha
Makhleb
Nemelex Xobeh
Okawaru
Qazlal
Ru
Uskayaw
Vehumet
Yredelemnul
Zin
The Shining One

Shops:
D:2 [   D:3 ?=(:[

Annotations:
D:3 Pikel


Innate Abilities, Weirdness & Mutations

Your plain brown scales are hard. (AC +6)
You cannot fit into any form of body armour.
You are cold-blooded and may be slowed by cold attacks.


Message History

You feel yourself speed up. The lemure barely misses you. x2
Pikel hits you with a +0 whip of freezing.
You feel yourself slow down. Pikel freezes you.
The lemure hits you but does no damage. The lemure misses you.
Pikel hits you with a +0 whip of freezing.
You feel as though you will be slow longer.
Pikel freezes you.
Casting: Scorch (safe; 2% risk of failure)
Confirm with . or Enter, or press ? or * to list all spells.
Flames lash the lemure.
The lemure is burned terribly!
The lemure is severely wounded.
The lemure misses you. The lemure hits you. Pikel closely misses you.
Unknown command.
Casting: Scorch (safe; 2% risk of failure)
Confirm with . or Enter, or press ? or * to list all spells.
Flames lash the lemure.
The lemure is burned terribly!
The lemure is severely wounded.
The lemure hits you.
* * * LOW HITPOINT WARNING * * *
The lemure hits you but does no damage. Pikel barely misses you.
The lemure closely misses you. The lemure hits you but does no damage.
Pikel hits you with a +0 whip of freezing.
* * * LOW HITPOINT WARNING * * *
You feel as though you will be slow longer.
Pikel freezes you.
* * * LOW HITPOINT WARNING * * *
Casting: Scorch (safe; 2% risk of failure)
Confirm with . or Enter, or press ? or * to list all spells.
You don't have enough magic to cast this spell.
Casting: Scorch (safe; 2% risk of failure)
Confirm with . or Enter, or press ? or * to list all spells.
You don't have enough magic to cast this spell.
You barely miss Pikel. You tail-slap Pikel, but do no damage.
The lemure misses you. The lemure hits you but does no damage.
Pikel barely misses you.
You hit Pikel. You tail-slap Pikel.
Pikel is lightly wounded.
The lemure hits you!
You die...

#.##.# #.....# #.......######....
#.##.# #.....####................
#.##.# #.........................
#.##.# #.....#####...............
.....# #.....# #.....####.#....
#.############ ###.### #.#....
#......# #.# #.#.... #..###.#
######.# #.#....
#....#.########K@5...######.#....
#..#...........5#######..........
#..###.########## #.####.####
#......# #.####.#### #......#
#.##....... ######## #.##.#.####
#......# ######.###### #......#
#...


You could see Pikel and 2 lemures.

Vanquished Creatures
  Grinder (D:3)
  A lemure (D:3)
  A jelly (D:3)
  Ijyb (D:3)
  An orc wizard (D:4)
  3 adders
  A worm (D:2)
  6 dart slugs
  5 orcs
  8 ball pythons
  4 endoplasms
  5 giant cockroaches
  7 goblins
  9 hobgoblins
  5 jackals
  7 kobolds
  2 quokkas
  6 bats
  3 frilled lizards
  5 rats (D:2)
81 creatures vanquished.

Vanquished Creatures (others)
  307 foxfires
307 creatures vanquished.

Grand Total: 388 creatures vanquished

Notes
Turn   | Place    | Note
-------+----------+-------------------------------------------
     0 | D:1      | pupurumpum the Draconian Fire Elementalist began the quest
                  | for the Orb.
     0 | D:1      | Reached XP level 1. HP: 14/14 MP: 3/3
   252 | D:1      | Reached XP level 2. HP: 20/20 MP: 1/5
  1263 | D:1      | Reached XP level 3. HP: 23/26 MP: 4/6
  1599 | D:2      | Found Qiatah's Armour Shop.
  1818 | D:2      | Reached skill level 4 in Fire Magic
  2077 | D:2      | Reached XP level 4. HP: 33/33 MP: 4/7
  2141 | D:2      | Learned a level 2 spell: Scorch
  2323 | D:3      | Noticed Grinder
  2323 | D:3      | Found Arodgh's Jewellery Boutique.
  2401 | D:3      | Killed Grinder
  2402 | D:3      | Reached skill level 5 in Fire Magic
  2402 | D:3      | Reached XP level 5. HP: 38/38 MP: 2/10
  2402 | D:3      | Reached XP level 6. HP: 45/45 MP: 2/11
  2478 | D:3      | Found Farico's Weapon Emporium.
  2634 | D:3      | Found a stormy altar of Qazlal.
  2779 | D:3      | Found Fek Zove's Armour Shoppe.
  2810 | D:3      | Found Wexu's Book Shoppe.
  2971 | D:3      | Noticed Ijyb
  2978 | D:3      | Killed Ijyb
  3301 | D:3      | Found Gamijaoq's Magic Scroll Emporium.
  3959 | D:4      | Found a broken altar of Ashenzari.
  4013 | D:4      | Found a staircase to the Ecumenical Temple.
  4024 | Temple   | Entered the Ecumenical Temple
  4052 | Temple   | Became a worshipper of Vehumet
  4191 | D:4      | Noticed Pikel
  4240 | D:3      | HP: 1/45 [lemure[Pikel] (7)]
  4552 | D:3      | Slain by a lemure

Illustrated notes

Levels and vault maps discovered:
D:1:      lightli_arrival_maybe_door_vault, layout_loops_cross,
          serial_co_window_serial, co_window_paths_b, co_window_paths_b,
          co_window_paths_a, co_window_paths_b, co_window_paths_b,
          co_window_paths_a, co_window_corner_ca, co_window_broadway_b,
          co_window_broadway_b, co_window_4corner_b, glass_columns_a,
          glass_columns_b, glass_columns_a, glass_columns_a,
          minmay_misc_feat_columns
D:2:      layout_rooms, serial_shops, shop
D:3:      layout_loops_cross, lemuel_round_altar, serial_shops, shop, shop,
          shop_statue, nicolae_shop_stone, nicolae_shop_hallway_stairs,
          uniq_grinder, uniq_ijyb
D:4:      cheibrodos_thug_alley, layout_basic, overflow_temple_1_default,
          minmay_temple_entry_junction, uniq_duvessa, uniq_crazy_yiuf_cottage,
          uniq_pikel
Temple:   dshaligram_water_room_temple

Skill      XL: |  1  2  3  4 |
---------------+-------------+-----
Fire Magic     | 4 5 |  5.7
Conjurations   | 2 3 |  3.3
Spellcasting   | 3 |  3.5
Dodging        | |  1.7
Stealth        | |  1.7

Action                   |  1- 3 |  4- 6 || total
-------------------------+-------+-------++-------
Melee: Club              |     1 |       ||     1
       Short sword       |    18 |    12 ||    30
       Tailslap          |     2 |     3 ||     5
 Cast: Foxfire           |    81 |   109 ||   190
       Scorch            |       |     5 ||     5
Armor: Skin              |    18 |    13 ||    31
Dodge: Dodged            |    25 |    29 ||    54
